 Dungeon Crawl Stone Soup version 0.22-a0-803-gd6d8abeff0 (webtiles) character file.

828 Holzbalken the Spear-Bearer (level 7, 0/62 HPs)
             Began as a Naga Berserker on July 22, 2018.
             Was a Priest of Trog.
             Slain by a gnoll
             ... wielding a +0 club
              (1 damage)
             ... while paralysed
             ... on level 5 of the Dungeon.
             The game lasted 00:17:36 (4508 turns).

Holzbalken the Spear-Bearer (Naga Berserker)        Turns: 4508, Time: 00:17:37

Health: 0/62       AC:  7    Str: 21    XL:     7   Next: 97%
Magic:  7/7        EV:  1    Int:  8    God:    Trog [***...]
Gold:   331        SH:  0    Dex: 10    Spells: 6/6 levels left

rFire    x . .     SeeInvis +   o - +0 scythe
rCold    + . .     Gourm    .   (shield currently unavailable)
rNeg     . . .     Faith    .   h - +2 leather armour {MR+}
rPois    +         Spirit   .   (no helmet)
rElec    .         Reflect  .   (no cloak)
rCorr    .         Harm     .   i - +0 pair of gloves
MR       ++...                  (no barding)
Stlth    +.........             (no amulet)
HPRegen  0.20/turn              e - ring of protection from magic
MPRegen  0.10/turn              f - ring of ice

@: paralysed, berserk cooldown, slowed, very slow
A: large, see invisible, deformed body, poison resistance, slowness 2, slow
metabolism 1, spit poison 1, AC +2
a: Spit Poison, Berserk, Trog's Hand, Renounce Religion


You were on level 5 of the Dungeon.
You worshipped Trog.
Trog was most pleased with you.
You were very hungry.

You visited 2 branches of the dungeon, and saw 6 of its levels.

You collected 331 gold pieces.

Inventory:

Hand Weapons
 a - a +0 spear
 o - a +0 scythe (weapon)
Armour
 b - a +0 animal skin
 h - a +2 leather armour of magic resistance (worn)
 i - a +0 pair of gloves (worn)
 n - a +0 scale mail
 D - a +0 plate armour
Jewellery
 e - a ring of protection from magic (left hand)
 f - a ring of ice (right hand)
 B - an uncursed ring of poison resistance
Wands
 q - a wand of digging (11)
Scrolls
 d - 4 scrolls of remove curse {unknown}
 j - a scroll of enchant weapon {unknown}
 k - a scroll of immolation {unknown}
 l - 2 scrolls of magic mapping {unknown}
 m - 2 scrolls of noise {unknown}
 p - 6 scrolls of identify {unknown}
 r - 2 scrolls of amnesia {unknown}
 t - a scroll of teleportation {unknown}
 v - 2 scrolls of fog {unknown}
 w - a scroll of fear {unknown}
 y - a scroll of blinking {unknown}
Potions
 g - a potion of heal wounds {unknown}
 s - a potion of berserk rage {unknown}
 u - a potion of curing {unknown}
 x - a potion of mutation {unknown}
 z - 2 potions of haste {unknown}
 A - a potion of might
 C - a potion of resistance {unknown}
Comestibles
 c - 5 rations
 E - 2 chunks of flesh


   Skills:
 - Level 3.0 Fighting
 + Level 9.2 Polearms
 - Level 1.5 Armour
 - Level 1.5 Dodging


You had 6 spell levels left.
You didn't know any spells.
Your spell library was empty.

Dungeon Overview and Level Annotations

Branches:
Dungeon (5/15)             Temple (1/1) D:4

Altars:
Ashenzari
Cheibriados
Dithmenos
Gozag
Hepliaklqana
Kikubaaqudgha
Makhleb
Nemelex Xobeh
Okawaru
Qazlal
Ru
Sif Muna
Trog
Uskayaw
Vehumet
Xom
Yredelemnul
Zin
The Shining One

Shops:
D:5 (


Innate Abilities, Weirdness & Mutations

You cannot wear boots.
Your serpentine skin is tough. (AC +2)
You have supernaturally acute eyesight. (SInv)
Armour fits poorly on your strangely shaped body.
Your system is resistant to poisons. (rPois)
You cover ground very slowly.
You have a slow metabolism.
You can spit poison.


Message History

You pass out from exhaustion.
You feel yourself slow down.
The shadow imp hits you but does no damage.
The gnoll hits you from afar with a halberd.
The gnoll hits you with a club.
* * * LOW HITPOINT WARNING * * *
The shadow imp hits you.
* * * LOW HITPOINT WARNING * * *
The gnoll hits you with a club.
* * * LOW HITPOINT WARNING * * *
The gnoll hits you but does no damage. The shadow imp hits you.
* * * LOW HITPOINT WARNING * * *
The gnoll hits you with a club!
* * * LOW HITPOINT WARNING * * *
The shadow imp hits you but does no damage.
The gnoll hits you from afar with a halberd.
* * * LOW HITPOINT WARNING * * *
The gnoll hits you with a club.
You die...

.###.###.##.......#
..........'.......#
..?......∩..#.......#
............#.......#
....##..###.#.......#
....##..#.........#
..........##...##...
.........####.####.
...##)@##..#'#..#
..... #+
#g5##.......##.....
#g5.##.._..##......
'....##...##.......
.##+#..##.##..#.....
..#..##..###.......#
.. #................#
...
#................#
+........#.......#


You could see 2 gnolls, a crimson imp and a shadow imp.

Vanquished Creatures
  Sigmund (D:2)
  A phantom (D:4)
  An ogre (D:5)
  A bullfrog (D:4)
  A scorpion (D:4)
  An orc priest (D:4)
  A gnoll shaman (D:5)
  Natasha (thrice) (D:2)
  2 worker ants (D:4)
  Terence (D:2)
  4 gnolls
  8 adders
  3 worms
  2 leopard geckos
  6 orcs
  9 bats
  4 giant cockroaches
  10 goblins
  5 hobgoblins
  5 jackals
  7 kobolds
  A ball python (D:2)
  5 rats
82 creatures vanquished.

Notes
Turn   | Place    | Note
-------+----------+-------------------------------------------
     0 | D:1      | Holzbalken the Naga Berserker began the quest for the Orb.
     0 | D:1      | Reached XP level 1. HP: 21/21 MP: 1/1
    35 | D:1      | HP: 1/21 [kobold (2)]
   466 | D:1      | Reached XP level 2. HP: 24/28 MP: 2/2
  1132 | D:2      | Reached skill level 4 in Polearms
  1133 | D:2      | Noticed Terence
  1138 | D:2      | Reached XP level 3. HP: 34/34 MP: 3/3
  1145 | D:2      | Killed Terence
  1238 | D:2      | Found a bloodstained altar of Trog.
  1272 | D:2      | Noticed Natasha
  1276 | D:2      | Reached XP level 4. HP: 42/42 MP: 4/4
  1285 | D:2      | Killed Natasha
  1285 | D:2      | Reached skill level 5 in Polearms
  1667 | D:2      | Reached XP level 5. HP: 43/49 MP: 5/5
  1804 | D:2      | Noticed Sigmund
  1830 | D:2      | Killed Sigmund
  1830 | D:2      | Reached ** piety under Trog
  1830 | D:2      | Reached skill level 6 in Polearms
  1830 | D:2      | Reached XP level 6. HP: 36/56 MP: 6/6
  2003 | D:2      | Found a basalt altar of Yredelemnul.
  2006 | D:2      | Reached skill level 7 in Polearms
  2012 | D:2      | Noticed Natasha
  2118 | D:2      | Killed Natasha
  2163 | D:2      | Noticed Natasha
  2171 | D:2      | Killed Natasha
  3322 | D:4      | Reached XP level 7. HP: 44/62 MP: 7/7
  3455 | D:4      | Found a staircase to the Ecumenical Temple.
  3463 | Temple   | Entered the Ecumenical Temple
  3797 | D:4      | Reached skill level 8 in Polearms
  3863 | D:4      | Reached *** piety under Trog
  4255 | D:4      | Noticed an air elemental
  4256 | D:4      | Found a stormy altar of Qazlal.
  4257 | D:4      | Noticed a water elemental
  4258 | D:4      | Noticed a fire elemental
  4415 | D:5      | Entered Level 5 of the Dungeon
  4461 | D:5      | Found Biosief's Antique Weapon Emporium.
  4474 | D:5      | Found a sparkling altar of Nemelex Xobeh.
  4501 | D:5      | Reached skill level 9 in Polearms
  4508 | D:5      | HP: 1/62 [gnoll/halberd (3)]
  4508 | D:5      | Slain by a gnoll

Vault maps used:
D:1:      giann_horns
D:2:      bloody_trog, nicolae_overflow_hidden_temple, uniq_sigmund,
          uniq_natasha, uniq_terence
D:3:      first_ration
D:4:      nicolae_qazlal_style_of_elements, minmay_temple_entry_mist
D:5:      basic_altar, serial_shops, shop, minmay_statues_item,
          nemelex_lonely_heart_becter
Temple:   regret_index_temple_sphere_string

Skill      XL: |  1  2  3  4  5  6  7 |
---------------+----------------------+-----
Polearms       | 4 5 6 7 9 |  9.2
Fighting       | |  3.0
Armour         | |  1.5
Dodging        | |  1.5

Action                   |  1- 3 |  4- 6 |  7- 9 || total
-------------------------+-------+-------+-------++-------
Melee: Spear             |   105 |    72 |       ||   177
       Scythe            |       |    81 |    94 ||   175
Invok: Berserk           |     4 |     5 |     3 ||    12
  Eat: Chunk             |     3 |    11 |     5 ||    19
Armor: Animal skin       |    21 |     3 |       ||    24
       Scale mail        |       |    13 |       ||    13
       Leather armour    |       |    28 |    47 ||    75
Dodge: Dodged            |    44 |    62 |    67 ||   173

Table legend:
 A = Spawn XP
 B = Non-spawn XP
 C = Spawn XP percentage of total XP
 D = Spawn monster count
 E = Non-spawn monster count
 F = Spawn count percentage of total count
 G = Total turns spent on level
                    A         B        C        D         E        F      G
               +---------+---------+-------+---------+---------+-------+---------
         Total |       0 |    1184 |   0.0 |       0 |      82 |   0.0 |  4508
               +---------+---------+-------+---------+---------+-------+---------
           D:1 |       0 |      27 |   0.0 |       0 |      17 |   0.0 |  1113
           D:2 |       0 |     512 |   0.0 |       0 |      30 |   0.0 |  1051
           D:3 |       0 |      46 |   0.0 |       0 |      17 |   0.0 |  1106
           D:4 |       0 |     416 |   0.0 |       0 |      13 |   0.0 |   987
           D:5 |       0 |     183 |   0.0 |       0 |       5 |   0.0 |    93
               +---------+---------+-------+---------+---------+-------+---------
